 Dungeon Crawl Stone Soup version 0.31-a0-187-gba352fbbf7 (webtiles) character file.

Game seed: 14054468199522185001

190871 qw the Acrobat (level 17, -27/113 HPs)
             Began as a Deep Elf Hunter on June 22, 2023.
             Was an Elder of Okawaru.
             Blown up by an orb spider (42 damage)
             ... with an orb of destruction
             ... on level 4 of the Spider Nest.
             The game lasted 00:11:48 (22941 turns).

qw the Acrobat (Deep Elf Hunter)                   Turns: 22941, Time: 00:11:48

Health: -27/113    AC: 26    Str: 10    XL:     17   Next: 99%
Magic:  26/26      EV: 36    Int: 17    God:    Okawaru [****..]
Gold:   1300       SH:  5    Dex: 30    Spells: 16/16 levels left

rFire   + . .        o - +6 arbalest "Damnation" {damnation}
rCold   + + .        (shield currently unavailable)
rNeg    . . .        z - +5 ring mail {rC+}
rPois   +            B - +2 hat
rElec   +            d - +2 cloak
rCorr   +            f - +2 pair of gloves
SInv    .            v - +2 pair of boots
Will    +....        w - amulet of reflection
Stlth   ++++         C - ring of the Pariah {Fly rPois Str-4 Dex+6}
HPRegen 0.38/turn    y - +6 ring of dexterity
MPRegen 0.20/turn

%: reflection
@: lethally poisoned (-27 -> -58), resistant, heroic, flying, slowed, very slow
A: no striking features
a: Renounce Religion, Heroism, Finesse


You were on level 4 of the Spider Nest.
You worshipped Okawaru.
Okawaru was greatly pleased with you.
You visited 6 branches of the dungeon, and saw 30 of its levels.
You also visited: Sewer and Gauntlet.

You collected 3387 gold pieces.
You spent 2087 gold pieces at shops.


   Skills:
 - Level 15.0(20.0) Fighting
 + Level 21.6(26.6) Ranged Weapons
 - Level 9.0(14.0) Armour
 - Level 22.0(27) Dodging
 - Level 1.2(6.2) Stealth
 - Level 10.0 Invocations


You had 16 spell levels left.
You didn't know any spells.
Your spell library was empty.

Inventory:

Hand Weapons
 o - the +6 arbalest "Damnation" (weapon) {damnation}
   (You acquired it on level 10 of the Dungeon)
Armour
 d - a +2 cloak (worn)
 f - a +2 pair of gloves (worn)
 t - a +4 scale mail of poison resistance
 v - a +2 pair of boots (worn)
 z - a +5 ring mail of cold resistance (worn)
 B - a +2 hat (worn)
 E - a +2 ring mail of fire resistance
 G - the +4 ring mail "Opsyppio" {Rampage Fly}
   (You bought it in a shop on level 2 of the Orcish Mines)

   Fly:       It grants you flight.
   Rampage:   It bestows one free step when moving towards enemies.
Jewellery
 w - an amulet of reflection (around neck)
 x - a +6 ring of dexterity
 y - a +6 ring of dexterity (right hand)
 C - the ring of the Pariah (left hand) {Fly rPois Str-4 Dex+6}
   (You found it on level 3 of the Swamp)

   [ring of dexterity]

   Str:       It affects your strength (-4).
   Dex:       It affects your dexterity (+6).
   rPois:     It protects you from poison.
   Fly:       It grants you flight.
 Y - the ring of the Bull {Wiz rPois rF++ rN+ MP+9}
   (You found it in a Gauntlet)

   [ring of wizardry]

   It improves your spell success rate.
   rF:        It greatly protects you from fire.
   rPois:     It protects you from poison.
   rN:        It protects you from negative energy.
   MP:        It affects your magic capacity (+9).
Wands
 c - a wand of digging (28)
Scrolls
 l - 22 scrolls of identify
 p - 10 scrolls of teleportation
 q - a scroll of brand weapon
 u - 5 scrolls of enchant weapon
Potions
 e - 4 potions of mutation
 g - 8 potions of cancellation
 i - 9 potions of curing
 k - 3 potions of enlightenment
 m - 4 potions of haste
 n - 5 potions of might
 s - 4 potions of magic

Dungeon Overview and Level Annotations

Branches:
Dungeon (15/15)            Temple (1/1) D:4            Lair (5/5) D:11
  Swamp (3/4) Lair:3       Spider (4/4) Lair:3        Slime (0/5) Lair:4
    Orc (2/2) D:12            Elf (0/3) Orc:2        Vaults (0/5) D:13
 Depths (0/4) D:15          Sewer (visited)         Gauntlet (visited)

Altars:
Ashenzari
Cheibriados
Dithmenos
Elyvilon
Fedhas
Gozag
Hepliaklqana
Kikubaaqudgha
Makhleb
Nemelex Xobeh
Okawaru
Qazlal
Ru
Sif Muna
Trog
Uskayaw
Vehumet
Wu Jian
Xom
Yredelemnul
Zin
The Shining One

Shops:
D:6 [   D:10 ((?[(   Orc:2 [(=[

Portals:
Trove: D:13 (give +3 gold dragon scales)

Annotations:
D:11 3 runed translucent doors, qw's ghost, journeyman GrFi
D:14 2 transporters, qw's ghost, journeyman GrFi
Spider:3 2 transporters, qw's ghost, adept GrFi


Message History

You kill the steelbarb worm!
Okawaru accepts your kill.
You hear an angry buzzing noise.
You hear a faint skittering sound.
The culicivora completely misses you. The emperor scorpion misses you.
The emperor scorpion closely misses you.
The emperor scorpion claws you but does no damage.
A torpor snail comes into view.
Being near the torpor snail leaves you feeling lethargic.
The culicivora completely misses you.
The emperor scorpion closely misses you.
The emperor scorpion claws you but does no damage.
The emperor scorpion completely misses you.
You shoot a damnation bolt.
The damnation bolt hits the wolf spider!!
The wolf spider is almost dead.
The damnation bolt explodes!
The damnation engulfs the wolf spider!
You kill the wolf spider!
Okawaru accepts your kill.
The damnation engulfs the emperor scorpion!!
The emperor scorpion is severely wounded.
The culicivora completely misses you.
The orb spider weaves a glowing orb of energy.
The emperor scorpion completely misses you. x2
You block the emperor scorpion's attack.
The culicivora bites you but does no damage.
The emperor scorpion stings you.
You are lethally poisoned!
The emperor scorpion poisons you!
The emperor scorpion completely misses you. x2
An orb of destruction comes into view.
You shoot a damnation bolt.
The damnation bolt hits the emperor scorpion!!
You kill the emperor scorpion!
Okawaru accepts your kill.
The damnation bolt explodes!
The damnation engulfs the redback!!
The redback is severely wounded.
You feel extremely sick.
You hear a skittering sound.
You hear a faint skittering sound. x2
The culicivora completely misses you. The orb of destruction hits you!!!
You die...

~~~.. ^## #........
~~~~^.###^# #####......#
~~~~~#....###^.....#...^
#~~~~.#...#...###..#...^
#~~~~^......### ####..^.
#~~~#....#.# #####
#~~~....##.#
#~~~..s^##^#
#~~~..@..#.#
#~~ss0%#.#^#
#~~~....^#.#
#~~~~.......#
~~~~~^^.#~## ~w%~.~^##^#
~~~...# ## ~~..^.


You could see a torpor snail, an orb spider, a culicivora and a redback.

Vanquished Creatures
  Bai Suzhen (Spider:3)
  Agnes (Spider:2)
  A tengu reaver (D:14)
  A storm dragon (D:14)
  2 emperor scorpions
  A ghost moth (Spider:3)
  Louise (Spider:1)
  3 eleionomae
  Nessos (Orc:2)
  3 spark wasps
  A minotaur (Gauntlet)
  2 bunyips (Swamp:3)
  3 entropy weavers
  Fannar (Lair:3)
  A yaktaur captain (D:14)
  A great orb of eyes (D:15)
  16 hydras
  4 ogre magi (Orc:2)
  A spriggan air mage (Swamp:2)
  2 jorogumos
  5 centaur warriors
  Erica (Lair:2)
  4 merfolk avatars (Swamp:1)
  12 two-headed ogres
  8 boulder beetles
  2 ghost crabs (Swamp:3)
  A catoblepas (Lair:5)
  5 alligators
  2 radroaches
  13 death yaks
  13 demonic crawlers
  2 tengu warriors
  Urug (Orc:1)
  9 pharaoh ants
  8 skeletal warriors
  3 goliath frogs
  3 sun moths
  A lindwurm (Lair:5)
  11 orb spiders
  A wizard (D:15)
  2 bog bodies
  3 swamp dragons (Swamp:3)
  6 spriggan druids
  An orc knight (D:13)
  3 deep elf pyromancers
  8 steelbarb worms
  21 wolf spiders
  2 orc sorcerers (Orc:2)
  11 ugly things
  2 will-o-the-wisps
  6 cyclopes
  9 manticores
  4 oklob plants
  20 elephants (Lair:5)
  An eye of devastation (shapeshifter) (D:15)
  7 black mambas (Lair:5)
  2 moths of wrath
  Maurice (D:8)
  Joseph (D:7)
  A gargoyle (D:12)
  A guardian serpent (Lair:5)
  An ice statue (Gauntlet)
  7 torpor snails
  An unseen horror (D:10)
  4 centaur skeletons (D:13)
  6 rime drakes
  3 kobold demonologists
  18 cane toads
  6 komodo dragons
  2 tengu conjurers
  An efreet (D:15)
  A meliai (shapeshifter) (D:13)
  11 meliai
  9 polar bears
  4 tyrant leeches
  2 bloated husks (Swamp:2)
  20 tarantellas
  Grinder (D:6)
  9 hornets
  4 trolls
  A queen bee (shapeshifter) (D:15)
  A hornet (shapeshifter) (D:15)
  Prince Ribbit (Lair:2)
  7 blink frogs
  8 dream sheep
  Sigmund (D:4)
  22 jumping spiders
  6 slime creatures (D:15)
  17 culicivoras
  2 wraiths
  31 yaks
  16 wyverns
  4 water elementals
  A vampire (D:12)
  2 spriggans (Swamp:2)
  52 redbacks
  4 basilisks
  2 steam dragons
  5 vampire mosquitoes
  Menkaure (D:6)
  3 wargs
  15 swamp worms
  5 acid dragons
  26 water moccasins
  4 swamp drakes (Swamp:3)
  2 ice beasts
  4 black bears
  14 orc warriors
  3 sky beasts (D:7)
  A wolf (Lair:5)
  41 ogres
  A boggart (D:13)
  A centaur (D:8)
  4 kobold brigands (D:13)
  A gnoll sergeant (D:5)
  9 bullfrogs
  A scorpion (D:5)
  A hornet simulacrum (D:13)
  4 wights (D:9)
  5 killer bees (D:8)
  4 howler monkeys
  10 electric eels
  A vampire bat (Orc:2)
  6 crimson imps (D:9)
  2 gnoll boudas (D:6)
  A hound (D:6)
  23 orc priests
  5 jellies
  4 iguanas (D:4)
  6 sleepcaps
  12 orc wizards
  A hell rat (Sewer)
  15 gnolls
  7 adders
  An adder (shapeshifter) (D:14)
  2 river rats (Sewer)
  A shadow imp (D:9)
  2 white imps (D:9)
  3 ufetubi
  A worm (D:4)
  2 dart slugs
  59 orcs
  13 bats
  6 endoplasms
  6 giant cockroaches
  6 hobgoblins
  6 jackals
  2 quokkas
  4 ball pythons
  2 frilled lizards (D:1)
  3 goblins
  2 kobolds
  9 rats
930 creatures vanquished.

Vanquished Creatures (others)
  An eleionoma (Swamp:2)
  A hydra (Swamp:3)
  A will-o-the-wisp (Swamp:2)
  A spriggan (Swamp:3)
  A vampire mosquito (Swamp:2)
  A swamp worm (Swamp:3)
  6 foxfires (Swamp:2)
12 creatures vanquished.

Grand Total: 942 creatures vanquished

Notes
Turn   | Place    | Note
-------+----------+-------------------------------------------
     0 | D:1      | qw the Deep Elf Hunter began the quest for the Orb.
     0 | D:1      | Reached XP level 1. HP: 12/12 MP: 3/3
     0 | D:1      | 0 ||| qw: Version: 0.3-a-9-g12657ce
     0 | D:1      | 0 ||| qw: Game counter: 2003
     0 | D:1      | 0 ||| qw: Always use a shield: true
     0 | D:1      | 0 ||| qw: God list: Okawaru
     0 | D:1      | 0 ||| qw: Allow faded altars: false
     0 | D:1      | 0 ||| qw: Do Orc after D:15 true
     0 | D:1      | 0 ||| qw: Do second Lair branch before Depths: true
     0 | D:1      | 0 ||| qw: Lair rune preference: random
     0 | D:1      | 0 ||| qw: Plans: Normal
     0 | D:1      | 0 ||| PLANNING D:1-11
    69 | D:1      | Reached XP level 2. HP: 16/16 MP: 4/4
    75 | D:1      | Reached skill level 6 in Ranged Weapons
   326 | D:1      | 326 ||| UPGRADING to +0 pair of gloves.
   331 | D:1      | 331 ||| READING scroll labelled MASOUS KIACKO.
   332 | D:1      | 332 ||| READING 2 scrolls labelled GALILIC UPPYIR.
   333 | D:1      | 333 ||| READING scroll labelled XOTTEKL UNUHORPH.
   334 | D:1      | 334 ||| DRINKING 2 grey potions.
   335 | D:1      | 335 ||| DROPPING scroll of butterflies.
   336 | D:1      | 336 ||| DROPPING potion of attraction.
   380 | D:2      | Identified the +1 robe of Vyssies {Fly rCorr Str-5 Stlth+}
   472 | D:2      | Reached XP level 3. HP: 20/20 MP: 5/5
   748 | D:2      | 748 ||| UPGRADING to +1 robe of Vyssies {Fly rCorr Str-5
                  | Stlth+}.
   758 | D:2      | 758 ||| UPGRADING to +0 cloak.
   763 | D:2      | 763 ||| READING scroll labelled EMETILAHESS.
   764 | D:2      | 764 ||| READING 2 scrolls of identify.
   764 | D:2      | 764 ||| IDENTIFYING sapphire potion
   998 | D:3      | Reached XP level 4. HP: 25/25 MP: 6/6
  1107 | D:3      | 1107 ||| READING scroll of enchant weapon.
  1107 | D:3      | 1107 ||| ENCHANTING +0 heavy shortbow.
  1379 | D:3      | 1379 ||| DROPPING +0 leather armour.
  1380 | D:3      | 1380 ||| READING 2 scrolls labelled PULO JEDUYPPEV.
  1381 | D:3      | 1381 ||| READING scroll labelled QYEVYGGERAL.
  1382 | D:3      | 1382 ||| READING scroll labelled KOXAARR FEIHI.
  1483 | D:3      | 1483 ||| READING 3 scrolls of identify.
  1483 | D:3      | 1483 ||| IDENTIFYING inky potion
  1484 | D:3      | 1484 ||| READING 2 scrolls of identify.
  1484 | D:3      | 1484 ||| IDENTIFYING yellow potion
  1485 | D:3      | 1485 ||| DROPPING scroll of blinking.
  1494 | D:4      | 1494 ||| PLANNING SEWER
  1529 | D:4      | Reached skill level 3 in Dodging
  1529 | D:4      | Reached XP level 5. HP: 29/29 MP: 7/7
  1562 | D:4      | Noticed Sigmund
  1565 | D:4      | Killed Sigmund
  1566 | D:4      | Reached skill level 9 in Ranged Weapons
  1566 | D:4      | Reached XP level 6. HP: 34/34 MP: 8/8
  1582 | D:4      | Found a glowing drain.
  1583 | D:4      | 1583 ||| READING scroll labelled BYMIASITIE.
  1586 | D:4      | 1586 ||| Stepping randomly (stuck).
  1587 | D:4      | 1587 ||| Stepping randomly (stuck).
  1588 | D:4      | 1588 ||| Stepping randomly (stuck).
  1591 | D:4      | 1591 ||| Stepping randomly (stuck).
  1592 | D:4      | 1592 ||| Stepping randomly (stuck).
  1593 | D:4      | 1593 ||| Stepping randomly (stuck).
  1594 | D:4      | 1594 ||| Stepping randomly (stuck).
  1595 | D:4      | 1595 ||| Stepping randomly (stuck).
  1596 | D:4      | 1596 ||| Stepping randomly (stuck).
  1597 | D:4      | 1597 ||| Stepping randomly (stuck).
  1598 | D:4      | 1598 ||| Stepping randomly (stuck).
  1599 | D:4      | 1599 ||| Stepping randomly (stuck).
  1600 | D:4      | 1600 ||| Stepping randomly (stuck).
  1601 | D:4      | 1601 ||| Stepping randomly (stuck).
  1602 | D:4      | 1602 ||| Stepping randomly (stuck).
  1603 | D:4      | 1603 ||| Stepping randomly (stuck).
  1604 | D:4      | 1604 ||| Stepping randomly (stuck).
  1605 | D:4      | 1605 ||| Stepping randomly (stuck).
  1606 | D:4      | 1606 ||| Stepping randomly (stuck).
  1607 | D:4      | 1607 ||| Stepping randomly (stuck).
  1608 | D:4      | 1608 ||| Stepping randomly (stuck).
  1609 | D:4      | 1609 ||| Stepping randomly (stuck).
  1610 | D:4      | 1610 ||| Stepping randomly (stuck).
  1611 | D:4      | 1611 ||| Stepping randomly (stuck).
  1612 | D:4      | 1612 ||| Stepping randomly (stuck).
  1613 | D:4      | 1613 ||| Stepping randomly (stuck).
  1614 | D:4      | 1614 ||| Stepping randomly (stuck).
  1615 | D:4      | 1615 ||| Stepping randomly (stuck).
  1616 | D:4      | 1616 ||| Stepping randomly (stuck).
  1617 | D:4      | 1617 ||| Stepping randomly (stuck).
  1618 | D:4      | 1618 ||| Stepping randomly (stuck).
  1619 | D:4      | 1619 ||| Stepping randomly (stuck).
  1620 | D:4      | 1620 ||| Stepping randomly (stuck).
  1621 | D:4      | 1621 ||| Stepping randomly (stuck).
  1622 | D:4      | 1622 ||| Stepping randomly (stuck).
  1623 | D:4      | 1623 ||| Stepping randomly (stuck).
  1624 | D:4      | 1624 ||| Stepping randomly (stuck).
  1625 | D:4      | 1625 ||| Stepping randomly (stuck).
  1626 | D:4      | 1626 ||| Stepping randomly (stuck).
  1627 | D:4      | 1627 ||| Stepping randomly (stuck).
  1628 | D:4      | 1628 ||| Stepping randomly (stuck).
  1629 | D:4      | 1629 ||| Stepping randomly (stuck).
  1630 | D:4      | 1630 ||| Stepping randomly (stuck).
  1631 | D:4      | 1631 ||| Stepping randomly (stuck).
  1632 | D:4      | 1632 ||| Stepping randomly (stuck).
  1633 | D:4      | 1633 ||| Stepping randomly (stuck).
  1634 | D:4      | 1634 ||| Stepping randomly (stuck).
  1635 | D:4      | 1635 ||| Stepping randomly (stuck).
  1636 | D:4      | 1636 ||| Stepping randomly (stuck).
  1637 | D:4      | 1637 ||| Stepping randomly (stuck).
  1638 | D:4      | 1638 ||| Stepping randomly (stuck).
  1639 | D:4      | 1639 ||| Stepping randomly (stuck).
  1640 | D:4      | 1640 ||| Stepping randomly (stuck).
  1641 | D:4      | 1641 ||| Stepping randomly (stuck).
  1642 | D:4      | 1642 ||| Stepping randomly (stuck).
  1643 | D:4      | 1643 ||| Stepping randomly (stuck).
  1644 | D:4      | 1644 ||| Stepping randomly (stuck).
  1645 | D:4      | 1645 ||| Stepping randomly (stuck).
  1646 | D:4      | 1646 ||| Stepping randomly (stuck).
  1647 | D:4      | 1647 ||| Stepping randomly (stuck).
  1648 | D:4      | 1648 ||| Stepping randomly (stuck).
  1649 | D:4      | 1649 ||| Stepping randomly (stuck).
  1650 | D:4      | 1650 ||| Stepping randomly (stuck).
  1651 | D:4      | 1651 ||| Stepping randomly (stuck).
  1652 | D:4      | 1652 ||| Stepping randomly (stuck).
  1653 | D:4      | 1653 ||| Stepping randomly (stuck).
  1654 | D:4      | 1654 ||| Stepping randomly (stuck).
  1655 | D:4      | 1655 ||| Stepping randomly (stuck).
  1656 | D:4      | 1656 ||| Stepping randomly (stuck).
  1657 | D:4      | 1657 ||| Stepping randomly (stuck).
  1658 | D:4      | 1658 ||| Stepping randomly (stuck).
  1659 | D:4      | 1659 ||| Stepping randomly (stuck).
  1660 | D:4      | 1660 ||| Stepping randomly (stuck).
  1661 | D:4      | 1661 ||| Stepping randomly (stuck).
  1662 | D:4      | 1662 ||| Stepping randomly (stuck).
  1663 | D:4      | 1663 ||| Stepping randomly (stuck).
  1664 | D:4      | 1664 ||| Stepping randomly (stuck).
  1665 | D:4      | 1665 ||| Stepping randomly (stuck).
  1666 | D:4      | 1666 ||| Stepping randomly (stuck).
  1667 | D:4      | 1667 ||| Stepping randomly (stuck).
  1668 | D:4      | 1668 ||| Stepping randomly (stuck).
  1669 | D:4      | 1669 ||| Stepping randomly (stuck).
  1670 | D:4      | 1670 ||| Stepping randomly (stuck).
  1671 | D:4      | 1671 ||| Stepping randomly (stuck).
  1672 | D:4      | 1672 ||| Stepping randomly (stuck).
  1673 | D:4      | 1673 ||| Stepping randomly (stuck).
  1674 | D:4      | 1674 ||| Stepping randomly (stuck).
  1675 | D:4      | 1675 ||| Stepping randomly (stuck).
  1676 | D:4      | 1676 ||| Stepping randomly (stuck).
  1677 | D:4      | 1677 ||| Stepping randomly (stuck).
  1678 | D:4      | 1678 ||| Stepping randomly (stuck).
  1679 | D:4      | 1679 ||| Stepping randomly (stuck).
  1680 | D:4      | 1680 ||| Stepping randomly (stuck).
  1681 | D:4      | 1681 ||| Stepping randomly (stuck).
  1682 | D:4      | 1682 ||| Stepping randomly (stuck).
  1683 | D:4      | 1683 ||| Stepping randomly (stuck).
  1684 | D:4      | 1684 ||| Stepping randomly (stuck).
  1685 | D:4      | 1685 ||| Stepping randomly (stuck).
  1686 | D:4      | 1686 ||| Stepping randomly (stuck).
  1687 | D:4      | 1687 ||| Stepping randomly (stuck).
  1688 | D:4      | 1688 ||| Stepping randomly (stuck).
  1689 | D:4      | 1689 ||| Stepping randomly (stuck).
  1690 | D:4      | 1690 ||| Stepping randomly (stuck).
  1691 | D:4      | 1691 ||| Stepping randomly (stuck).
  1692 | D:4      | 1692 ||| Stepping randomly (stuck).
  1693 | D:4      | 1693 ||| Stepping randomly (stuck).
  1694 | D:4      | 1694 ||| Stepping randomly (stuck).
  1695 | D:4      | 1695 ||| Stepping randomly (stuck).
  1696 | D:4      | 1696 ||| Stepping randomly (stuck).
  1697 | D:4      | 1697 ||| Stepping randomly (stuck).
  1698 | D:4      | 1698 ||| Stepping randomly (stuck).
  1699 | D:4      | 1699 ||| Stepping randomly (stuck).
  1700 | D:4      | 1700 ||| Stepping randomly (stuck).
  1701 | D:4      | 1701 ||| Stepping randomly (stuck).
  1702 | D:4      | 1702 ||| Stepping randomly (stuck).
  1703 | D:4      | 1703 ||| Stepping randomly (stuck).
  1704 | D:4      | 1704 ||| Stepping randomly (stuck).
  1705 | D:4      | 1705 ||| Stepping randomly (stuck).
  1706 | D:4      | 1706 ||| Stepping randomly (stuck).
  1707 | D:4      | 1707 ||| Stepping randomly (stuck).
  1708 | D:4      | 1708 ||| Stepping randomly (stuck).
  1709 | D:4      | 1709 ||| Stepping randomly (stuck).
  1710 | D:4      | 1710 ||| Stepping randomly (stuck).
  1711 | D:4      | 1711 ||| Stepping randomly (stuck).
  1712 | D:4      | 1712 ||| Stepping randomly (stuck).
  1713 | D:4      | 1713 ||| Stepping randomly (stuck).
  1714 | D:4      | 1714 ||| Stepping randomly (stuck).
  1715 | D:4      | 1715 ||| Stepping randomly (stuck).
  1716 | D:4      | 1716 ||| Stepping randomly (stuck).
  1717 | D:4      | 1717 ||| Stepping randomly (stuck).
  1718 | D:4      | 1718 ||| Stepping randomly (stuck).
  1719 | D:4      | 1719 ||| Stepping randomly (stuck).
  1720 | D:4      | 1720 ||| Stepping randomly (stuck).
  1721 | D:4      | 1721 ||| Stepping randomly (stuck).
  1722 | D:4      | 1722 ||| Stepping randomly (stuck).
  1723 | D:4      | 1723 ||| Stepping randomly (stuck).
  1724 | D:4      | 1724 ||| Stepping randomly (stuck).
  1725 | D:4      | 1725 ||| Stepping randomly (stuck).
  1726 | D:4      | 1726 ||| Stepping randomly (stuck).
  1727 | D:4      | 1727 ||| Stepping randomly (stuck).
  1728 | D:4      | 1728 ||| Stepping randomly (stuck).
  1729 | D:4      | 1729 ||| Stepping randomly (stuck).
  1730 | D:4      | 1730 ||| Stepping randomly (stuck).
  1731 | D:4      | 1731 ||| Stepping randomly (stuck).
  1732 | D:4      | 1732 ||| Stepping randomly (stuck).
  1733 | D:4      | 1733 ||| Stepping randomly (stuck).
  1734 | D:4      | 1734 ||| Stepping randomly (stuck).
  1735 | D:4      | 1735 ||| Stepping randomly (stuck).
  1736 | D:4      | 1736 ||| Stepping randomly (stuck).
  1737 | D:4      | 1737 ||| Stepping randomly (stuck).
  1738 | D:4      | 1738 ||| Stepping randomly (stuck).
  1739 | D:4      | 1739 ||| Stepping randomly (stuck).
  1740 | D:4      | 1740 ||| Stepping randomly (stuck).
  1741 | D:4      | 1741 ||| Stepping randomly (stuck).
  1742 | D:4      | 1742 ||| Stepping randomly (stuck).
  1743 | D:4      | 1743 ||| Stepping randomly (stuck).
  1744 | D:4      | 1744 ||| Stepping randomly (stuck).
  1745 | D:4      | 1745 ||| Stepping randomly (stuck).
  1746 | D:4      | 1746 ||| Stepping randomly (stuck).
  1747 | D:4      | 1747 ||| Stepping randomly (stuck).
  1748 | D:4      | 1748 ||| Stepping randomly (stuck).
  1749 | D:4      | 1749 ||| Stepping randomly (stuck).
  1750 | D:4      | 1750 ||| Stepping randomly (stuck).
  1751 | D:4      | 1751 ||| Stepping randomly (stuck).
  1752 | D:4      | 1752 ||| Stepping randomly (stuck).
  1753 | D:4      | 1753 ||| Stepping randomly (stuck).
  1754 | D:4      | 1754 ||| Stepping randomly (stuck).
  1755 | D:4      | 1755 ||| Stepping randomly (stuck).
  1756 | D:4      | 1756 ||| Stepping randomly (stuck).
  1757 | D:4      | 1757 ||| Stepping randomly (stuck).
  1758 | D:4      | 1758 ||| Stepping randomly (stuck).
  1759 | D:4      | 1759 ||| Stepping randomly (stuck).
  1760 | D:4      | 1760 ||| Stepping randomly (stuck).
  1761 | D:4      | 1761 ||| Stepping randomly (stuck).
  1762 | D:4      | 1762 ||| Stepping randomly (stuck).
  1763 | D:4      | 1763 ||| Stepping randomly (stuck).
  1764 | D:4      | 1764 ||| Stepping randomly (stuck).
  1765 | D:4      | 1765 ||| Stepping randomly (stuck).
  1766 | D:4      | 1766 ||| Stepping randomly (stuck).
  1767 | D:4      | 1767 ||| Stepping randomly (stuck).
  1768 | D:4      | 1768 ||| Stepping randomly (stuck).
  1769 | D:4      | 1769 ||| Stepping randomly (stuck).
  1770 | D:4      | 1770 ||| Stepping randomly (stuck).
  1771 | D:4      | 1771 ||| Stepping randomly (stuck).
  1772 | D:4      | 1772 ||| Stepping randomly (stuck).
  1773 | D:4      | 1773 ||| Stepping randomly (stuck).
  1774 | D:4      | 1774 ||| Stepping randomly (stuck).
  1775 | D:4      | 1775 ||| Stepping randomly (stuck).
  1776 | D:4      | 1776 ||| Stepping randomly (stuck).
  1777 | D:4      | 1777 ||| Stepping randomly (stuck).
  1778 | D:4      | 1778 ||| Stepping randomly (stuck).
  1779 | D:4      | 1779 ||| Stepping randomly (stuck).
  1780 | D:4      | 1780 ||| Stepping randomly (stuck).
  1781 | D:4      | 1781 ||| Stepping randomly (stuck).
  1782 | D:4      | 1782 ||| Stepping randomly (stuck).
  1783 | D:4      | 1783 ||| Stepping randomly (stuck).
  1784 | D:4      | 1784 ||| Stepping randomly (stuck).
  1785 | D:4      | 1785 ||| Stepping randomly (stuck).
  1786 | D:4      | 1786 ||| Stepping randomly (stuck).
  1787 | D:4      | 1787 ||| Stepping randomly (stuck).
  1788 | D:4      | 1788 ||| Stepping randomly (stuck).
  1789 | D:4      | 1789 ||| Stepping randomly (stuck).
  1790 | D:4      | 1790 ||| Stepping randomly (stuck).
  1791 | D:4      | 1791 ||| Stepping randomly (stuck).
  1792 | D:4      | 1792 ||| Stepping randomly (stuck).
  1793 | D:4      | 1793 ||| Stepping randomly (stuck).
  1794 | D:4      | 1794 ||| Stepping randomly (stuck).
  1795 | D:4      | 1795 ||| Stepping randomly (stuck).
  1796 | D:4      | 1796 ||| Stepping randomly (stuck).
  1797 | D:4      | 1797 ||| Stepping randomly (stuck).
  1798 | D:4      | 1798 ||| Stepping randomly (stuck).
  1799 | D:4      | 1799 ||| Stepping randomly (stuck).
  1800 | D:4      | 1800 ||| Stepping randomly (stuck).
  1837 | Sewer    | Entered a sewer
  1904 | Sewer    | 1904 ||| READING scroll labelled GIHURI RASKANA.
  1904 | Sewer    | Identified a scroll of acquirement
  1904 | Sewer    | 1904 ||| ACQUIRING +1 longbow of flaming
  1904 | Sewer    | Acquired a +1 longbow of flaming
  1906 | Sewer    | 1906 ||| SWAPPING to +1 longbow of flaming.
  1907 | Sewer    | 1907 ||| DROPPING +1 heavy shortbow.
  1908 | Sewer    | 1908 ||| DRINKING 3 coppery potions.
  1916 | D:4      | 1916 ||| PLANNING D:1-11
  2060 | D:4      | Reached skill level 4 in Dodging
  2158 | D:4      | Reached XP level 7. HP: 40/40 MP: 9/9
  2373 | D:4      | Found a sparkling altar of Nemelex Xobeh.
  2498 | D:4      | Found a staircase to the Ecumenical Temple.
  2499 | D:4      | 2499 ||| PLANNING TEMPLE
  2499 | D:4      | 2499 ||| UPGRADING to amulet of regeneration.
  2504 | D:4      | 2504 ||| DRINKING 2 purple potions.
  2505 | D:4      | 2505 ||| DROPPING potion of brilliance.
  2511 | Temple   | Entered the Ecumenical Temple
  2533 | Temple   | 2533 ||| PLANNING OKAWARU WORSHIP
  2689 | Temple   | Became a worshipper of Warmaster Okawaru
  2690 | Temple   | 2690 ||| PLANNING D:1-11
  2833 | D:5      | Entered Level 5 of the Dungeon
  2837 | D:5      | 2837 ||| STAIRDANCE
  2854 | D:5      | 2854 ||| STAIRDANCE
  3011 | D:5      | HP: 6/40 [gnoll/+0 halberd[a gnoll sergeant] (9)]
  3012 | D:5      | 3012 ||| READING 4 scrolls of teleportation.
  3013 | D:5      | 3013 ||| DRINKING 4 potions of heal wounds.
  3029 | D:5      | Reached skill level 12 in Ranged Weapons
  3121 | D:5      | Reached * piety under Okawaru
  3401 | D:5      | Reached XP level 8. HP: 45/45 MP: 10/10
  3422 | D:5      | 3422 ||| READING 2 scrolls of identify.
  3422 | D:5      | 3422 ||| IDENTIFYING smoky coppery potion
  3451 | D:6      | 3451 ||| INVOKING Heroism.
  3454 | D:6      | 3454 ||| Stepping ~*~*~tactically~*~*~ (outnumbered).
  3469 | D:6      | Reached skill level 3 in Fighting
  3469 | D:6      | 3469 ||| FLEEEEING.
  3470 | D:6      | 3470 ||| FLEEEEING.
  3471 | D:6      | 3471 ||| STAIRDANCE
  3539 | D:6      | 3539 ||| INVOKING Heroism.
  3571 | D:6      | Noticed Grinder
  3581 | D:6      | Killed Grinder
  3582 | D:6      | Reached skill level 6 in Dodging
  3582 | D:6      | 3582 ||| FLEEEEING.
  3583 | D:6      | 3583 ||| FLEEEEING.
  3584 | D:6      | 3584 ||| FLEEEEING.
  3585 | D:6      | 3585 ||| FLEEEEING.
  3586 | D:6      | 3586 ||| INVOKING Heroism.
  3596 | D:6      | Reached skill level 1 in Invocations
  3635 | D:6      | 3635 ||| INVOKING Heroism.
  3670 | D:6      | 3670 ||| INVOKING Heroism.
  3688 | D:6      | 3688 ||| INVOKING Heroism.
  3772 | D:6      | 3772 ||| INVOKING Heroism.
  3803 | D:6      | Noticed Menkaure
  3808 | D:6      | Killed Menkaure
  3809 | D:6      | Found a glowing golden altar of the Shining One.
  3877 | D:6      | Reached XP level 9. HP: 47/51 MP: 12/12
  3987 | D:6      | Identified the +3 mace of Irritation {spect, rF+ Dex+3}
  3988 | D:6      | 3988 ||| INVOKING Heroism.
  3993 | D:6      | Identified the +7 whip of the Five Priests {pain, rPois
                  | rN+++ Int-4 Dex-3}
  4008 | D:6      | 4008 ||| INVOKING Heroism.
  4046 | D:6      | Found Gonginus's Armour Boutique.
  4055 | D:6      | 4055 ||| DROPPING +0 ring mail.
  4077 | D:6      | 4077 ||| UPGRADING to +3 leather armour of fire resistance.
  4087 | D:6      | 4087 ||| READING scroll labelled NULLOI TAAGH.
  4088 | D:6      | 4088 ||| DRINKING 2 clear potions.
  4089 | D:6      | 4089 ||| READING 2 scrolls of identify.
  4089 | D:6      | 4089 ||| IDENTIFYING metallic black potion
  4090 | D:6      | 4090 ||| DROPPING potion of degeneration.
  4092 | D:6      | 4092 ||| Stepping ~*~*~tactically~*~*~ (cloud).
  4219 | D:7      | 4219 ||| INVOKING Heroism.
  4220 | D:7      | 4220 ||| INVOKING Heroism.
  4223 | D:7      | Reached skill level 1 in Armour
  4223 | D:7      | Reached skill level 3 in Invocations
  4237 | D:7      | Noticed Joseph
  4241 | D:7      | 4241 ||| FLEEEEING.
  4242 | D:7      | 4242 ||| FLEEEEING.
  4243 | D:7      | 4243 ||| FLEEEEING.
  4244 | D:7      | 4244 ||| FLEEEEING.
  4251 | D:7      | Killed Joseph
  4519 | D:7      | Found a shimmering altar of Xom.
  4519 | D:7      | Found an opulent altar of Gozag.
  4519 | D:7      | Found a burning altar of Makhleb.
  4708 | D:7      | 4708 ||| READING scroll labelled JIGGOU GECZIS.
  4709 | D:7      | 4709 ||| READING scroll labelled TECSALE FUR YXOY.
  4710 | D:7      | 4710 ||| READING scroll labelled SUENALIUST.
  4741 | D:8      | 4741 ||| INVOKING Heroism.
  4743 | D:8      | Reached skill level 15 in Ranged Weapons
  4907 | D:8      | Reached ** piety under Okawaru
  4956 | D:8      | 4956 ||| INVOKING Heroism.
  5041 | D:8      | Noticed Maurice
  5048 | D:8      | Killed Maurice
  5339 | D:8      | 5339 ||| INVOKING Heroism.
  5504 | D:8      | 5504 ||| READING 2 scrolls labelled RUOFUCABRO.
  5505 | D:8      | 5505 ||| DRINKING 2 dark potions.
  5506 | D:8      | 5506 ||| DROPPING scroll of amnesia.
  5574 | D:9      | Noticed a kobold demonologist
  5574 | D:9      | Found a stormy altar of Qazlal.
  5576 | D:9      | 5576 ||| STAIRDANCE
  5585 | D:8      | 5585 ||| INVOKING Heroism.
  5590 | D:8      | Reached XP level 10. HP: 36/56 MP: 12/15
  5612 | D:9      | 5612 ||| STAIRDANCE
  5616 | D:8      | 5616 ||| INVOKING Heroism.
  5643 | D:9      | Reached skill level 7 in Dodging
  5688 | D:9      | 5688 ||| STAIRDANCE
  5696 | D:9      | 5696 ||| STAIRDANCE
  5708 | D:9      | 5708 ||| STAIRDANCE
  5733 | D:9      | Noticed a sun demon
  5736 | D:9      | Noticed a soul eater
  5738 | D:9      | 5738 ||| STAIRDANCE
  5753 | D:9      | Noticed a rust devil
  5753 | D:9      | 5753 ||| STAIRDANCE
  5914 | D:9      | 5914 ||| Stepping ~*~*~tactically~*~*~ (outnumbered).
  5916 | D:9      | 5916 ||| Stepping ~*~*~tactically~*~*~ (outnumbered).
  5922 | D:9      | 5922 ||| FLEEEEING.
  5925 | D:9      | 5925 ||| INVOKING Heroism.
  6017 | D:9      | 6017 ||| INVOKING Heroism.
  6112 | D:9      | 6112 ||| INVOKING Heroism.
  6149 | D:9      | Found a basalt altar of Yredelemnul.
  6223 | D:9      | 6223 ||| READING scroll labelled CACSUO ZOOL GYNKIM.
  6249 | D:10     | Entered Level 10 of the Dungeon
  6258 | D:10     | Found Siomemnuf's Antique Weapon Shop.
  6286 | D:10     | Found Qaecusom's Antique Armour Shop.
  6366 | D:10     | 6366 ||| INVOKING Heroism.
  6376 | D:10     | Reached skill level 18 in Ranged Weapons
  6436 | D:10     | Found Guplyk's Antique Weapon Shop.
  6492 | D:10     | Found Nel Wiv's Magic Scroll Emporium.
  6496 | D:10     | 6496 ||| READING scroll of acquirement.
  6496 | D:10     | 6496 ||| ACQUIRING +6 arbalest "Damnation" {damnation}
  6496 | D:10     | Acquired the +6 arbalest "Damnation" {damnation}
  6496 | D:10     | Found the +6 arbalest "Damnation" {damnation}
  6498 | D:10     | 6498 ||| SWAPPING to +6 arbalest "Damnation" {damnation}.
  6499 | D:10     | 6499 ||| DROPPING +1 longbow of flaming.
  6505 | D:10     | 6505 ||| BUYING scroll of brand weapon (123 gold).
  6505 | D:10     | Bought a scroll of brand weapon for 123 gold pieces
  6505 | D:10     | 6505 ||| BUYING scroll of enchant armour (97 gold).
  6505 | D:10     | Bought a scroll of enchant armour for 97 gold pieces
  6505 | D:10     | 6505 ||| BUYING scroll of identify (26 gold).
  6505 | D:10     | Bought a scroll of identify for 26 gold pieces
  6505 | D:10     | 6505 ||| BUYING scroll of identify (26 gold).
  6505 | D:10     | Bought a scroll of identify for 26 gold pieces
  6505 | D:10     | 6505 ||| BUYING scroll of identify (26 gold).
  6505 | D:10     | Bought a scroll of identify for 26 gold pieces
  6505 | D:10     | 6505 ||| BUYING scroll of teleportation (39 gold).
  6505 | D:10     | Bought a scroll of teleportation for 39 gold pieces
  6505 | D:10     | 6505 ||| BUYING scroll of teleportation (39 gold).
  6505 | D:10     | Bought a scroll of teleportation for 39 gold pieces
  6505 | D:10     | 6505 ||| READING scroll of enchant armour.
  6505 | D:10     | 6505 ||| ENCHANTING +0 pair of gloves.
  6796 | D:10     | Found Rerobale's Weapon Shop.
  6872 | D:10     | 6872 ||| READING 4 scrolls of identify.
  6872 | D:10     | 6872 ||| IDENTIFYING cyan potion
  6884 | D:11     | Noticed qw's ghost (journeyman GrFi)
  6884 | D:11     | Noticed a two-headed ogre
  6884 | D:11     | Found a runed translucent gate.
  6884 | D:11     | Found a runed translucent gate.
  6884 | D:11     | Found a runed translucent gate.
  6885 | D:11     | 6885 ||| INVOKING Heroism.
  6888 | D:11     | Killed a two-headed ogre
  6888 | D:11     | Reached *** piety under Okawaru
  6889 | D:11     | Reached skill level 8 in Dodging
  6900 | D:11     | 6900 ||| DRINKING 3 potions of cancellation.
  6906 | D:11     | Reached XP level 11. HP: 63/63 MP: 16/16
  6908 | D:11     | Reached skill level 9 in Dodging
  6916 | D:11     | 6916 ||| INVOKING Heroism.
  6968 | D:11     | Found a staircase to the Lair.
  7000 | D:11     | 7000 ||| INVOKING Heroism.
  7092 | D:11     | Noticed a tengu warrior
  7094 | D:11     | Reached skill level 6 in Fighting
  7096 | D:11     | Killed a tengu warrior
  7096 | D:11     | Reached **** piety under Okawaru
  7111 | D:10     | 7111 ||| BUYING shiny ring mail (196 gold).
  7111 | D:10     | Bought a shiny ring mail for 196 gold pieces
  7111 | D:10     | 7111 ||| DROPPING +1 robe of Vyssies {Fly rCorr Str-5
                  | Stlth+}.
  7112 | D:10     | 7112 ||| PLANNING LAIR
  7112 | D:10     | 7112 ||| UPGRADING to +3 ring mail.
  7158 | Lair:1   | Entered Level 1 of the Lair of Beasts
  7159 | Lair:1   | 7159 ||| PLANNING GAUNTLET
  7173 | Lair:1   | 7173 ||| INVOKING Heroism.
  7198 | Lair:1   | 7198 ||| INVOKING Heroism.
  7200 | Lair:1   | Reached skill level 3 in Armour
  7239 | Lair:1   | 7239 ||| INVOKING Heroism.
  7267 | Lair:1   | Found a gate leading to a gauntlet.
  7268 | Lair:1   | 7268 ||| READING 3 scrolls of identify.
  7268 | Lair:1   | 7268 ||| IDENTIFYING ruby potion
  7269 | Lair:1   | 7269 ||| DROPPING potion of lignification.
  7278 | Gauntlet | Entered a Gauntlet
  7278 | Gauntlet | Noticed an oklob plant
  7278 | Gauntlet | Found a transporter.
  7278 | Gauntlet | Found a runed translucent gate.
  7278 | Gauntlet | Found a runed translucent gate.
  7280 | Gauntlet | Found a runed translucent gate.
  7285 | Gauntlet | Found a transporter.
  7288 | Gauntlet | Found a transporter.
  7299 | Gauntlet | Found a transporter.
  7302 | Gauntlet | Found a transporter.
  7304 | Gauntlet | Noticed a sixfirhy
  7305 | Gauntlet | Noticed a sixfirhy
  7309 | Gauntlet | Noticed a sixfirhy
  7309 | Gauntlet | Noticed a sixfirhy
  7310 | Gauntlet | Found a transporter.
  7326 | Gauntlet | Found a transporter.
  7329 | Gauntlet | Noticed a quicksilver ooze
  7337 | Gauntlet | Found a transporter.
  7348 | Gauntlet | Found a transporter.
  7351 | Gauntlet | Noticed a catoblepas
  7354 | Gauntlet | Found a transporter.
  7355 | Gauntlet | Found a transporter.
  7356 | Gauntlet | Found a transporter.
  7386 | Gauntlet | Found a transporter.
  7439 | Gauntlet | Found a transporter.
  7528 | Gauntlet | 7528 ||| INVOKING Heroism.
  7534 | Gauntlet | Killed an oklob plant
  7535 | Gauntlet | Reached skill level 6 in Invocations
  7582 | Gauntlet | Reached ***** piety under Okawaru
  7584 | Gauntlet | 7584 ||| INVOKING Heroism.
  7590 | Gauntlet | 7590 ||| Stepping randomly (stuck).
  7590 | Gauntlet | HP: 15/66 [ice statue] (7)]
  7591 | Gauntlet | 7591 ||| DRINKING 3 potions of heal wounds.
  7592 | Gauntlet | 7592 ||| Stepping randomly (stuck).
  7592 | Gauntlet | HP: 1/66 [ice statue] (17)]
  7593 | Gauntlet | 7593 ||| DRINKING 2 potions of heal wounds.
  7594 | Gauntlet | 7594 ||| Stepping randomly (stuck).
  7631 | Gauntlet | 7631 ||| INVOKING Heroism.
  7649 | Gauntlet | 7649 ||| DROPPING +1 steam dragon scales.
  7659 | Gauntlet | 7659 ||| INVOKING Heroism.
  7701 | Gauntlet | Identified the ring of the Bull {Wiz rPois rF++ rN+ MP+9}
  7703 | Gauntlet | 7703 ||| UPGRADING to ring of the Bull {Wiz rPois rF++ rN+
                  | MP+9}.
  7761 | Gauntlet | Noticed a minotaur
  7762 | Gauntlet | 7762 ||| INVOKING Heroism.
  7767 | Gauntlet | Killed a minotaur
  7831 | Gauntlet | 7831 ||| UPGRADING to +4 scale mail of poison resistance.
  7841 | Gauntlet | 7841 ||| DROPPING +3 ring mail.
  7856 | Lair:1   | 7856 ||| PLANNING LAIR
  7902 | Lair:1   | Identified the +1 hand axe "Vottieho" {heavy, rF+ Str+5}
  7917 | Lair:1   | 7917 ||| INVOKING Heroism.
  7958 | Lair:1   | Noticed an eight-headed hydra
  7959 | Lair:1   | 7959 ||| INVOKING Heroism.
  7964 | Lair:1   | Killed an eight-headed hydra
  8016 | Lair:1   | 8016 ||| INVOKING Heroism.
  8020 | Lair:1   | Reached XP level 12. HP: 72/72 MP: 19/19
  8309 | Lair:1   | 8309 ||| DROPPING amulet of magic regeneration.
  8310 | Lair:1   | 8310 ||| READING 3 scrolls of identify.
  8310 | Lair:1   | 8310 ||| IDENTIFYING pink potion
  8327 | Lair:2   | Noticed Erica
  8328 | Lair:2   | 8328 ||| INVOKING Heroism.
  8331 | Lair:2   | Killed Erica
  8363 | Lair:2   | 8363 ||| INVOKING Heroism.
  8399 | Lair:2   | 8399 ||| INVOKING Heroism.
  8400 | Lair:2   | 8400 ||| INVOKING Finesse.
  8439 | Lair:2   | Noticed Prince Ribbit
  8441 | Lair:2   | Killed Prince Ribbit
  8442 | Lair:2   | Reached skill level 9 in Invocations
  8478 | Lair:2   | Noticed a seven-headed hydra
  8480 | Lair:2   | 8480 ||| INVOKING Heroism.
  8482 | Lair:2   | Killed a seven-headed hydra
  8877 | Lair:2   | 8877 ||| UPGRADING to +1 pair of boots.
  8914 | Lair:3   | 8914 ||| INVOKING Heroism.
  8917 | Lair:3   | Received a gift from Okawaru
  8925 | Lair:3   | Noticed a five-headed hydra
  8928 | Lair:3   | Killed a five-headed hydra
  8935 | Lair:3   | Noticed Fannar
  8938 | Lair:3   | 8938 ||| INVOKING Heroism.
  8945 | Lair:3   | Killed Fannar
  8952 | Lair:3   | Noticed a death yak
  8952 | Lair:3   | Noticed a death yak
  8953 | Lair:3   | 8953 ||| INVOKING Finesse.
  8956 | Lair:3   | Noticed a death yak
  8959 | Lair:3   | Killed a death yak
  8960 | Lair:3   | Reached skill level 10 in Dodging
  8961 | Lair:3   | Killed a death yak
  8962 | Lair:3   | Killed a death yak
  8968 | Lair:3   | Received a gift from Okawaru
  8989 | Lair:3   | Found a staircase to the Swamp.
  9009 | Lair:3   | Reached skill level 9 in Fighting
  9014 | Lair:3   | 9014 ||| INVOKING Heroism.
  9040 | Lair:3   | Found a hole to the Spider Nest.
  9043 | Lair:3   | Reached skill level 6 in Armour
  9044 | Lair:3   | Reached XP level 13. HP: 80/80 MP: 22/22
  9299 | Lair:3   | Identified the +9 trident of Nouc {speed, *Noise Int+4}
  9402 | Lair:3   | 9402 ||| INVOKING Heroism.
  9564 | Lair:3   | 9564 ||| INVOKING Heroism.
  9567 | Lair:3   | Reached skill level 11 in Dodging
  9689 | Lair:3   | 9689 ||| UPGRADING to ring of ice.
  9690 | Lair:3   | 9690 ||| READING scroll labelled YTOEKH ERGHUAC.
  9755 | Lair:4   | 9755 ||| STAIRDANCE
  9778 | Lair:4   | 9778 ||| INVOKING Heroism.
  9997 | Lair:4   | 9997 ||| FLEEEEING.
 10045 | Lair:4   | 10045 ||| INVOKING Heroism.
 10046 | Lair:4   | 10046 ||| INVOKING Finesse.
 10078 | Lair:4   | Found a staircase to the Slime Pits.
 10267 | Lair:4   | 10267 ||| INVOKING Heroism.
 10340 | Lair:4   | You fall into a shaft and drop 1 floor!
 10340 | Lair:5   | Entered Level 5 of the Lair of Beasts
 10349 | Lair:5   | 10349 ||| INVOKING Heroism.
 10351 | Lair:5   | HP: 13/82 [elephant (13)]
 10352 | Lair:5   | 10352 ||| READING 8 scrolls of teleportation.
 10353 | Lair:5   | 10353 ||| DRINKING 2 potions of heal wounds.
 10355 | Lair:5   | 10355 ||| INVOKING Finesse.
 10364 | Lair:5   | Received a gift from Okawaru
 10430 | Lair:5   | 10430 ||| INVOKING Heroism.
 10433 | Lair:5   | Reached skill level 12 in Dodging
 10503 | Lair:5   | 10503 ||| INVOKING Heroism.
 10505 | Lair:5   | 10505 ||| Stepping ~*~*~tactically~*~*~ (outnumbered).
 10526 | Lair:5   | 10526 ||| INVOKING Finesse.
 10566 | Lair:5   | 10566 ||| INVOKING Heroism.
 10567 | Lair:5   | 10567 ||| Stepping ~*~*~tactically~*~*~ (outnumbered).
 10573 | Lair:5   | 10573 ||| INVOKING Finesse.
 10576 | Lair:5   | 10576 ||| Stepping ~*~*~tactically~*~*~ (cloud).
 10622 | Lair:5   | 10622 ||| INVOKING Heroism.
 10641 | Lair:5   | Reached XP level 14. HP: 68/90 MP: 23/23
 10696 | Lair:5   | Reached skill level 13 in Dodging
 10715 | Lair:5   | 10715 ||| INVOKING Heroism.
 10719 | Lair:5   | 10719 ||| INVOKING Finesse.
 10798 | Lair:5   | 10798 ||| INVOKING Heroism.
 10810 | Lair:5   | Received a gift from Okawaru
 10841 | Lair:5   | Reached skill level 12 in Fighting
 10862 | Lair:5   | 10862 ||| UPGRADING to +3 ring mail of cold resistance.
 10872 | Lair:5   | 10872 ||| REMOVING ring of ice.
 10873 | Lair:5   | 10873 ||| DROPPING ring of magical power.
 10874 | Lair:5   | 10874 ||| DROPPING +6 ring of intelligence.
 10875 | Lair:5   | 10875 ||| READING 9 scrolls of identify.
 10875 | Lair:5   | 10875 ||| IDENTIFYING emerald potion
 10876 | Lair:5   | 10876 ||| DROPPING potion of ambrosia.
 10970 | Lair:4   | 10970 ||| READING 3 scrolls of enchant armour.
 10970 | Lair:4   | 10970 ||| ENCHANTING +1 pair of gloves.
 10971 | Lair:4   | 10971 ||| READING 2 scrolls of enchant armour.
 10971 | Lair:4   | 10971 ||| ENCHANTING +1 pair of boots.
 10972 | Lair:4   | 10972 ||| READING scroll of enchant armour.
 10972 | Lair:4   | 10972 ||| ENCHANTING +0 cloak.
 11031 | Lair:4   | 11031 ||| INVOKING Heroism.
 11032 | Lair:4   | 11032 ||| INVOKING Finesse.
 11287 | Lair:4   | 11287 ||| DROPPING ring of wizardry.
 11541 | Lair:5   | Reached skill level 14 in Dodging
 11678 | Lair:5   | 11678 ||| INVOKING Heroism.
 11680 | Lair:5   | Identified the +3 shortbow of Wyrd {flame, rC+} (Okawaru
                  | gifted it to you on level 5 of the Lair of Beasts)
 11680 | Lair:5   | Received a gift from Okawaru
 11738 | Lair:5   | Identified the +3 scale mail of the Fiddle {Drain Will+
                  | Int+2}
 12034 | Lair:5   | 12034 ||| PLANNING D:1-11
 12034 | Lair:5   | 12034 ||| UPGRADING to +2 hat.
 12039 | Lair:5   | 12039 ||| READING scroll labelled YGRUIMAJIQ.
 12371 | D:11     | 12371 ||| PLANNING D
 12388 | D:12     | Reached skill level 15 in Dodging
 12402 | D:12     | 12402 ||| Stepping ~*~*~tactically~*~*~ (outnumbered).
 12459 | D:12     | 12459 ||| Stepping ~*~*~tactically~*~*~ (water).
 12582 | D:12     | Found a staircase to the Orcish Mines.
 12623 | D:12     | 12623 ||| Stepping ~*~*~tactically~*~*~ (outnumbered).
 12797 | D:12     | 12797 ||| Stepping ~*~*~tactically~*~*~ (water).
 12859 | D:12     | 12859 ||| DROPPING ring of fire.
 12860 | D:12     | 12860 ||| UPGRADING to +6 ring of dexterity.
 12867 | D:12     | 12867 ||| Stepping ~*~*~tactically~*~*~ (water).
 13170 | D:13     | Found a portal to a secret trove of treasure.
 13314 | D:13     | 13314 ||| READING scroll of enchant armour.
 13314 | D:13     | 13314 ||| ENCHANTING +1 cloak.
 13317 | D:13     | 13317 ||| INVOKING Heroism.
 13318 | D:13     | 13318 ||| INVOKING Finesse.
 13370 | D:13     | 13370 ||| Stepping ~*~*~tactically~*~*~ (outnumbered).
 13371 | D:13     | 13371 ||| Stepping ~*~*~tactically~*~*~ (outnumbered).
 13376 | D:13     | Identified the +0 buckler of Fonousunt {rPois Int+2}
                  | (Okawaru gifted it to you on level 13 of the Dungeon)
 13376 | D:13     | Received a gift from Okawaru
 13381 | D:13     | Reached skill level 16 in Dodging
 13381 | D:13     | 13381 ||| INVOKING Heroism.
 13385 | D:13     | 13385 ||| INVOKING Finesse.
 13532 | D:13     | 13532 ||| INVOKING Heroism.
 13537 | D:13     | Reached XP level 15. HP: 96/96 MP: 24/24
 13642 | D:13     | 13642 ||| INVOKING Heroism.
 13709 | D:13     | Found a gate to the Vaults.
 13957 | D:13     | 13957 ||| DRINKING 2 lumpy white potions.
 14062 | D:13     | 14062 ||| DROPPING potion of berserk rage.
 14122 | D:14     | Found a transporter.
 14125 | D:14     | Found a transporter.
 14138 | D:14     | 14138 ||| INVOKING Heroism.
 14142 | D:14     | Reached skill level 17 in Dodging
 14215 | D:14     | Noticed a storm dragon
 14216 | D:14     | 14216 ||| DRINKING 3 potions of resistance.
 14217 | D:14     | 14217 ||| INVOKING Heroism.
 14222 | D:14     | Noticed a tengu reaver
 14227 | D:14     | HP: 23/96 [tengu reaver/+2 battleaxe (16)]
 14228 | D:14     | 14228 ||| READING 10 scrolls of teleportation.
 14229 | D:14     | 14229 ||| DRINKING potion of heal wounds.
 14231 | D:14     | Killed a storm dragon
 14231 | D:14     | HP: 10/96 [tengu reaver/+2 battleaxe (23)]
 14260 | D:14     | Noticed qw's ghost (journeyman GrFi)
 14330 | D:14     | 14330 ||| INVOKING Heroism.
 14333 | D:14     | 14333 ||| Stepping ~*~*~tactically~*~*~ (outnumbered).
 14337 | D:14     | Killed a tengu reaver
 14343 | D:14     | Reached skill level 18 in Dodging
 14591 | D:14     | 14591 ||| INVOKING Heroism.
 14593 | D:14     | Identified the +1 robe of Fallacy {Regen+ Str-4 Int+4
                  | Archmagi}
 14747 | D:14     | 14747 ||| DROPPING ring of ice.
 14771 | D:15     | Entered Level 15 of the Dungeon
 14778 | D:15     | 14778 ||| INVOKING Heroism.
 14805 | D:15     | Reached skill level 19 in Dodging
 14915 | D:15     | 14915 ||| INVOKING Heroism.
 15055 | D:15     | Found a broken altar of Ashenzari.
 15274 | D:15     | 15274 ||| INVOKING Heroism.
 15276 | D:15     | 15276 ||| READING 9 scrolls of teleportation.
 15362 | D:15     | Found a staircase to the Depths.
 15419 | D:15     | 15419 ||| PLANNING ORC
 15514 | Orc:1    | Entered Level 1 of the Orcish Mines
 15520 | Orc:1    | Identified the +8 shortbow of Freehold {freeze, Str+3}
                  | (Okawaru gifted it to you on level 1 of the Orcish Mines)
 15520 | Orc:1    | Received a gift from Okawaru
 15981 | Orc:2    | Entered Level 2 of the Orcish Mines
 15984 | Orc:2    | 15984 ||| INVOKING Heroism.
 15991 | Orc:2    | Paralysed by an orc sorcerer for 2 turns
 16009 | Orc:2    | Noticed Nessos
 16010 | Orc:2    | 16010 ||| INVOKING Finesse.
 16016 | Orc:2    | Killed Nessos
 16029 | Orc:2    | Reached XP level 16. HP: 104/104 MP: 25/25
 16052 | Orc:2    | 16052 ||| INVOKING Heroism.
 16057 | Orc:2    | Reached skill level 20 in Dodging
 16064 | Orc:2    | Identified the +4 arbalest of Integrity {drain, +Blink}
                  | (Okawaru gifted it to you on level 2 of the Orcish Mines)
 16064 | Orc:2    | Received a gift from Okawaru
 16080 | Orc:2    | Found a staircase to the Elven Halls.
 16146 | Orc:2    | Found Ugihimut's Jewellery Shoppe.
 16146 | Orc:2    | Found Issolli's Armour Shop.
 16147 | Orc:2    | Found Avanloan's Antique Armour Boutique.
 16147 | Orc:2    | Found Omitoili's Weapon Shoppe.
 16154 | Orc:2    | 16154 ||| BUYING amulet of reflection (330 gold).
 16154 | Orc:2    | Bought an amulet of reflection for 330 gold pieces
 16155 | Orc:2    | 16155 ||| BUYING runed cloak (195 gold).
 16155 | Orc:2    | Bought a runed cloak for 195 gold pieces
 16155 | Orc:2    | 16155 ||| BUYING runed leather armour (130 gold).
 16155 | Orc:2    | Bought a runed leather armour for 130 gold pieces
 16155 | Orc:2    | 16155 ||| BUYING runed ring mail (182 gold).
 16155 | Orc:2    | Bought a runed ring mail for 182 gold pieces
 16155 | Orc:2    | 16155 ||| BUYING runed scale mail (182 gold).
 16155 | Orc:2    | Bought a runed scale mail for 182 gold pieces
 16157 | Orc:2    | 16157 ||| BUYING +4 ring mail "Opsyppio" {Rampage Fly} (496
                  | gold).
 16157 | Orc:2    | Bought the +4 ring mail "Opsyppio" {Rampage Fly} for 496
                  | gold pieces
 16223 | Orc:2    | 16223 ||| DROPPING +3 leather armour of fire resistance.
 16224 | Orc:2    | 16224 ||| DROPPING +2 cloak.
 16225 | Orc:2    | 16225 ||| DROPPING +1 leather armour of fire resistance.
 16226 | Orc:2    | 16226 ||| DROPPING +2 scale mail of cold resistance.
 16227 | Orc:2    | 16227 ||| UPGRADING to +4 ring mail "Opsyppio" {Rampage
                  | Fly}.
 16237 | Orc:2    | 16237 ||| UPGRADING to amulet of reflection.
 16247 | Orc:2    | 16247 ||| DROPPING amulet of regeneration.
 16261 | Orc:1    | Noticed Urug
 16262 | Orc:1    | 16262 ||| INVOKING Heroism.
 16263 | Orc:1    | 16263 ||| INVOKING Finesse.
 16266 | Orc:1    | Killed Urug
 16518 | Orc:2    | 16518 ||| PLANNING SPIDER:1-3
 16654 | Spider:1 | Entered Level 1 of the Spider Nest
 16654 | Spider:1 | Noticed Louise
 16655 | Spider:1 | 16655 ||| INVOKING Heroism.
 16663 | Spider:1 | Killed Louise
 16929 | Spider:1 | 16929 ||| INVOKING Heroism.
 16935 | Spider:1 | 16935 ||| DRINKING 3 potions of resistance.
 17283 | Spider:1 | 17283 ||| INVOKING Heroism.
 17588 | Spider:2 | 17588 ||| FLEEEEING.
 17589 | Spider:2 | 17589 ||| STAIRDANCE
 17593 | Spider:2 | 17593 ||| STAIRDANCE
 17597 | Spider:2 | 17597 ||| STAIRDANCE
 17601 | Spider:1 | Reached skill level 21 in Dodging
 17647 | Spider:2 | 17647 ||| STAIRDANCE
 17724 | Spider:2 | 17724 ||| INVOKING Heroism.
 17786 | Spider:2 | 17786 ||| INVOKING Heroism.
 17800 | Spider:2 | 17800 ||| INVOKING Finesse.
 17817 | Spider:2 | 17817 ||| Stepping ~*~*~tactically~*~*~ (outnumbered).
 17939 | Spider:2 | 17939 ||| FLEEEEING.
 17940 | Spider:2 | 17940 ||| FLEEEEING.
 17945 | Spider:2 | 17945 ||| FLEEEEING.
 18329 | Spider:3 | Noticed Bai Suzhen
 18330 | Spider:3 | 18330 ||| INVOKING Heroism.
 18331 | Spider:3 | 18331 ||| INVOKING Finesse.
 18338 | Spider:3 | Killed Bai Suzhen
 18350 | Spider:3 | 18350 ||| FLEEEEING.
 18351 | Spider:3 | 18351 ||| STAIRDANCE
 18351 | Spider:3 | Noticed Agnes
 18533 | Spider:3 | 18533 ||| STAIRDANCE
 18535 | Spider:2 | 18535 ||| INVOKING Heroism.
 18536 | Spider:2 | 18536 ||| INVOKING Finesse.
 18542 | Spider:2 | Killed Agnes
 18684 | Spider:3 | 18684 ||| STAIRDANCE
 18686 | Spider:2 | 18686 ||| INVOKING Heroism.
 18763 | Spider:3 | 18763 ||| INVOKING Finesse.
 18769 | Spider:3 | Reached XP level 17. HP: 111/111 MP: 26/26
 18821 | Spider:3 | 18821 ||| INVOKING Finesse.
 18836 | Spider:3 | 18836 ||| Stepping randomly (disturbance).
 18837 | Spider:3 | 18837 ||| Stepping randomly (disturbance).
 19042 | Spider:3 | Found a transporter.
 19063 | Spider:3 | Found a transporter.
 19066 | Spider:3 | Noticed qw's ghost (adept GrFi)
 19085 | Spider:3 | 19085 ||| INVOKING Heroism.
 19317 | Spider:3 | 19317 ||| PLANNING SWAMP:1-3
 19317 | Spider:3 | 19317 ||| READING 23 scrolls of identify.
 19317 | Spider:3 | 19317 ||| IDENTIFYING fizzy green potion
 19318 | Spider:3 | 19318 ||| DROPPING potion of invisibility.
 19391 | Swamp:1  | Entered Level 1 of the Swamp
 19398 | Swamp:1  | 19398 ||| INVOKING Heroism.
 19403 | Swamp:1  | Reached skill level 9 in Armour
 19459 | Swamp:2  | 19459 ||| INVOKING Heroism.
 19750 | Swamp:1  | Found the +9 sword of Power {lifebolt}
 19766 | Swamp:1  | 19766 ||| INVOKING Heroism.
 19849 | Swamp:1  | 19849 ||| INVOKING Heroism.
 20047 | Swamp:1  | 20047 ||| DROPPING +6 ring of strength.
 20074 | Swamp:2  | 20074 ||| INVOKING Heroism.
 20110 | Swamp:2  | 20110 ||| STAIRDANCE
 20255 | Swamp:2  | 20255 ||| INVOKING Heroism.
 20501 | Swamp:2  | Reached skill level 22 in Dodging
 20514 | Swamp:2  | 20514 ||| INVOKING Heroism.
 20704 | Swamp:2  | 20704 ||| DROPPING ring of protection from fire.
 20720 | Swamp:3  | 20720 ||| INVOKING Heroism.
 20737 | Swamp:3  | 20737 ||| Stepping ~*~*~tactically~*~*~ (cloud).
 20981 | Swamp:3  | 20981 ||| INVOKING Heroism.
 21001 | Swamp:3  | 21001 ||| Stepping ~*~*~tactically~*~*~ (outnumbered).
 21004 | Swamp:3  | 21004 ||| Stepping ~*~*~tactically~*~*~ (outnumbered).
 21005 | Swamp:3  | 21005 ||| Stepping ~*~*~tactically~*~*~ (outnumbered).
 21010 | Swamp:3  | 21010 ||| INVOKING Heroism.
 21206 | Swamp:3  | Reached skill level 21 in Ranged Weapons
 21208 | Swamp:3  | 21208 ||| INVOKING Heroism.
 21534 | Swamp:3  | Identified the ring of the Pariah {Fly rPois Str-4 Dex+6}
 21574 | Swamp:3  | 21574 ||| PLANNING SPIDER:4
 21574 | Swamp:3  | 21574 ||| DROPPING +1 pair of boots.
 21575 | Swamp:3  | 21575 ||| UPGRADING to ring of the Pariah {Fly rPois Str-4
                  | Dex+6}.
 21577 | Swamp:3  | 21577 ||| UPGRADING to +3 ring mail of cold resistance.
 21587 | Swamp:3  | 21587 ||| READING 2 scrolls of enchant armour.
 21587 | Swamp:3  | 21587 ||| ENCHANTING +3 ring mail of cold resistance.
 21588 | Swamp:3  | 21588 ||| READING scroll of enchant armour.
 21588 | Swamp:3  | 21588 ||| ENCHANTING +4 ring mail of cold resistance.
 21589 | Swamp:3  | 21589 ||| DROPPING +3 scale mail of the Fiddle {Drain Will+
                  | Int+2}.
 21705 | Spider:4 | Entered Level 4 of the Spider Nest
 21718 | Spider:4 | 21718 ||| STAIRDANCE
 21720 | Spider:3 | 21720 ||| INVOKING Heroism.
 21858 | Spider:4 | 21858 ||| STAIRDANCE
 21919 | Spider:4 | 21919 ||| DRINKING 2 potions of resistance.
 21926 | Spider:4 | 21926 ||| INVOKING Heroism.
 21927 | Spider:4 | 21927 ||| STAIRDANCE
 21927 | Spider:4 | HP: 7/112 [disintegration[a torpor snail] (25)]
 21929 | Spider:3 | 21929 ||| READING 11 scrolls of teleportation.
 21929 | Spider:3 | HP: 3/112 [poisoned by a redback]
 21930 | Spider:3 | 21930 ||| DRINKING 3 potions of heal wounds.
 21931 | Spider:3 | 21931 ||| DRINKING 2 potions of heal wounds.
 22170 | Spider:4 | 22170 ||| FLEEEEING.
 22171 | Spider:4 | 22171 ||| STAIRDANCE
 22175 | Spider:4 | 22175 ||| STAIRDANCE
 22179 | Spider:4 | 22179 ||| STAIRDANCE
 22183 | Spider:4 | 22183 ||| INVOKING Heroism.
 22197 | Spider:4 | 22197 ||| STAIRDANCE
 22248 | Spider:4 | 22248 ||| STAIRDANCE
 22374 | Spider:4 | 22374 ||| STAIRDANCE
 22376 | Spider:3 | 22376 ||| INVOKING Heroism.
 22478 | Spider:4 | 22478 ||| Stepping randomly (stuck).
 22518 | Spider:4 | 22518 ||| INVOKING Heroism.
 22523 | Spider:4 | Reached skill level 15 in Fighting
 22691 | Spider:4 | 22691 ||| INVOKING Heroism.
 22702 | Spider:4 | HP: 25/113 [culicivora (14)]
 22703 | Spider:4 | 22703 ||| READING 11 scrolls of teleportation.
 22704 | Spider:4 | 22704 ||| DRINKING potion of heal wounds.
 22705 | Spider:4 | 22705 ||| INVOKING Heroism.
 22762 | Spider:4 | 22762 ||| INVOKING Heroism.
 22928 | Spider:4 | 22928 ||| DRINKING potion of resistance.
 22930 | Spider:4 | 22930 ||| INVOKING Heroism.
 22941 | Spider:4 | HP: 15/113 [poisoned by an emperor scorpion]
 22941 | Spider:4 | Blown up by an orb spider

Levels and vault maps discovered:
D:1:      minmay_arrival_jagged, layout_rooms, minmay_tetromino_t2
D:2:      layout_basic
D:3:      layout_loops_ring
D:4:      layout_loops_ring, nemelex_dance_club_becter,
          minmay_temple_entry_fiery, cheibrodos_sewer_entry_drain,
          abandoned_shop, uniq_sigmund
D:5:      layout_loops_cross, eino_tiny_chamber
D:6:      layout_basic, tso_metal_star, serial_shops, nicolae_shop_stone,
          kennysheep_nondescript, uniq_menkaure, uniq_grinder
D:7:      layout_loops_ring, gammafunk_temple_overflow_claw, uniq_joseph
D:8:      layout_loops_ring, chequers_serial_rivers_room_b, uniq_maurice
D:9:      layout_roguey, mainiacjoe_overflow_catwalk_spiral,
          minmay_crystal_room, minmay_nine_imps
D:10:     layout_long_grid, serial_shops, shop, nicolae_take_the_stairs, shop,
          shop, nicolae_shop_back_alley_shop, minmay_misc_feat_cross
D:11:     layout_rooms, david_lair_generic, ebering_ghost_rock_garden
D:12:     layout_irregular_city, david_orc_1_choice, serial_bayou,
          serial_bayou_lagoon_a, serial_bayou_ford_a, serial_bayou_lagoon_b,
          serial_bayou_pond_e, drop_trap
D:13:     layout_loops_ring, hangedman_vaults_entry_quadrant_bands,
          nicolae_trove_entry_crossroad, minivault_4, minmay_checkerbox
D:14:     layout_basic, chequers_hall_statues_y, gammafunk_ghost_hive,
          minmay_radiant
D:15:     gammafunk_enter_depths_forms, layout_cave_pools,
          nicolae_ashenzari_panopticon, moated_statue
Temple:   bh_familiar_temple
Lair:1:   layout_roguey, gauntlet_entry_generic
Lair:2:   layout_gridlike, grunt_megastairs_4, uniq_erica, uniq_prince_ribbit2
Lair:3:   layout_small_grid, minmay_swamp_entry_wisps,
          nicolae_spider_entry_tight_spaces, minivault_27, grunt_megastairs_1,
          uniq_fannar
Lair:4:   layout_cave_pods, minmay_slime_entry_oklob_enclosed,
          cheibrodos_lair_lostbears
Lair:5:   hangedman_lair_tendril_chambers, layout_regular_city,
          hangedman_lair_in_review, st_stairs_9, wad_woods_06
Swamp:1:  nicolae_swamp_decorative_isthmus, layout_falls_marsh,
          hangedman_swamp_ruin_hall, grunt_lady_of_the_lake
Swamp:2:  layout_basic_swamp, hangedman_swamp_ruin_wall
Swamp:3:  layout_basic_swamp, evilmike_swamp_ruin_rubble_2, swamp_pool5,
          infiniplex_staircase_pool
Spider:1: layout_spider_delve, uniq_louise
Spider:2: layout_spider_delve, einodemon_crawler_minivault
Spider:3: layout_spider_delve, gammafunk_ghost_mausoleum, uniq_agnes,
          uniq_bai_suzhen
Spider:4: grunt_spider_rune_island
Orc:1:    lemuel_ogre_cave, layout_caves, basic_altar, minmay_orc_temple_a,
          uniq_urug
Orc:2:    st_orc_ogre_mass, layout_caves, roderic_batcave, uniq_nessos

Skill      XL: |  1  2  3  4  5  6  7  8  9 10 11 12 13 14 15 16 17 |
---------------+----------------------------------------------------+-----
Ranged Weapons | 6 7 8 9 10 12 13 16 18 20 21 | 21.6
Dodging        | 3 4 6 8 9 10 12 16 19 21 22 | 22.0
Fighting       | 2 3 4 5 7 9 11 12 13 14 15 | 15.0
Invocations    | 1 4 7 10 | 10.0
Armour         | 1 3 6 7 8 9 |  9.0
Stealth        | |  1.2

Action                     |  1- 3 |  4- 6 |  7- 9 | 10-12 | 13-15 | 16-18 || total
---------------------------+-------+-------+-------+-------+-------+-------++-------
   Fire: Shortbow          |    67 |    44 |       |       |       |       ||   111
         Longbow           |       |    24 |   229 |   180 |       |       ||   433
         Arbalest          |       |       |       |   185 |   657 |   598 ||  1440
 Invoke: Heroism           |       |       |    14 |    26 |    26 |    31 ||    97
         Finesse           |       |       |       |     2 |     9 |     6 ||    17
    Use: Scroll            |     5 |     8 |     8 |     6 |    10 |     5 ||    42
         Potion            |     1 |     1 |     4 |     3 |     4 |     6 ||    19
 Armour: Leather armour    |     7 |       |    11 |    43 |       |       ||    61
         Robe              |     4 |     7 |    10 |       |       |       ||    21
         Ring mail         |       |       |       |    11 |    53 |   149 ||   213
         Scale mail        |       |       |       |     9 |    56 |       ||    65
  Dodge: Dodged            |    16 |    10 |    70 |   116 |   245 |   717 ||  1174
  Block: Other             |       |       |       |       |       |   110 ||   110
         Reflection        |       |       |       |       |       |     2 ||     2

Table legend:
 A = Non-vault XP
 B = Vault XP
 C = Vault XP percentage of total XP
 D = Non-vault monster count
 E = Vault monster count
 F = Vault count percentage of total count
                 A         B        C        D         E       F
            +---------+---------+-------+---------+---------+-------
      Total |  200554 |   90340 |  31.1 |     669 |     266 |  28.4
            +---------+---------+-------+---------+---------+-------
        D:1 |      23 |       2 |   8.0 |      14 |       1 |   6.7
        D:2 |      41 |       0 |   0.0 |      12 |       0 |   0.0
        D:3 |      64 |       0 |   0.0 |      16 |       0 |   0.0
        D:4 |     417 |     255 |  37.9 |      23 |       5 |  17.9
        D:5 |     563 |       0 |   0.0 |      16 |       0 |   0.0
        D:6 |    1107 |     458 |  29.3 |      32 |       2 |   5.9
        D:7 |     724 |     460 |  38.9 |      13 |       1 |   7.1
        D:8 |    1091 |     480 |  30.6 |      11 |       1 |   8.3
        D:9 |    1999 |     322 |  13.9 |      21 |       9 |  30.0
       D:10 |    1505 |       0 |   0.0 |      10 |       0 |   0.0
       D:11 |    3428 |     733 |  17.6 |       9 |       4 |  30.8
       D:12 |    2633 |     443 |  14.4 |      18 |       9 |  33.3
       D:13 |    6920 |    6995 |  50.3 |      14 |      20 |  58.8
       D:14 |   12539 |    3504 |  21.8 |      27 |       3 |  10.0
       D:15 |   11808 |    4666 |  28.3 |      20 |      10 |  33.3
     Lair:1 |    4822 |       0 |   0.0 |      18 |       0 |   0.0
     Lair:2 |    3285 |    2677 |  44.9 |      13 |       6 |  31.6
     Lair:3 |    9933 |    3724 |  27.3 |      27 |      12 |  30.8
     Lair:4 |    5376 |    2295 |  29.9 |      22 |       6 |  21.4
     Lair:5 |   20177 |   21583 |  51.7 |      44 |      61 |  58.1
    Swamp:1 |    8652 |       0 |   0.0 |      19 |       0 |   0.0
    Swamp:2 |   12104 |       0 |   0.0 |      24 |       0 |   0.0
    Swamp:3 |   15196 |     395 |   2.5 |      26 |       3 |  10.3
   Spider:1 |   17871 |    1132 |   6.0 |      39 |       1 |   2.5
   Spider:2 |   21776 |    4201 |  16.2 |      56 |       6 |   9.7
   Spider:3 |   13291 |    3523 |  21.0 |      26 |       2 |   7.1
   Spider:4 |   19375 |   10271 |  34.6 |      49 |      20 |  29.0
      Orc:1 |    1492 |    1877 |  55.7 |      20 |      16 |  44.4
      Orc:2 |    2342 |   16724 |  87.7 |      30 |      50 |  62.5
      Sewer |       0 |      65 | 100.0 |       0 |       9 | 100.0
   Gauntlet |       0 |    3555 | 100.0 |       0 |       9 | 100.0
            +---------+---------+-------+---------+---------+-------
